3383 views
Uploaded 2020-04-10 05:12:11
Game version 1.32.3
29:03 long 2on2 ladder game on (6)GnollWood
Saved by Ben
3383 views
Uploaded 2020-04-10 05:12:11
Game version 1.32.3
29:03 long 2on2 ladder game on (6)GnollWood


107 units @ 15.1k
/ 2.8k
43 buildings @ 8k
/ 3.1k

| Lesser Clarity Potion | 4 | 280 |
| Healing Salve | 4 | 400 |
| Potion of Healing | 1 | 150 |
| Orb of Lightning | 1 | 375 |
| Scroll of Town Portal | 2 | 700 |
| Scroll of Healing | 1 | 250 |
| Potion of Lesser Invulnerability | 1 | 150 |
| total: | 14 | 2305g |
| Peon | 13 | 975 | / | 0 |
| Troll Headhunter | 11 | 1540 | / | 220 |
| Shaman | 9 | 1170 | / | 180 |
| Troll Berserker | 21 | 2940 | / | 420 |
| Demolisher | 2 | 440 | / | 100 |
| Troll Batrider | 5 | 800 | / | 200 |
| total: | 61 | 7865g | / | 1120w |
| Watch Tower | 2 | 220 | / | 160 |
| Altar of Storms | 2 | 360 | / | 100 |
| Orc Burrow | 11 | 1760 | / | 440 |
| Barracks | 1 | 180 | / | 50 |
| War Mill | 3 | 615 | / | 0 |
| Voodoo Lounge | 1 | 130 | / | 30 |
| Great Hall | 4 | 1540 | / | 740 |
| Spirit Lodge | 1 | 150 | / | 150 |
| Beastiary | 1 | 145 | / | 140 |
| Stronghold | 1 | 315 | / | 190 |
| Fortress | 1 | 325 | / | 190 |
| total: | 26 | 5100g | / | 1810w |
| 0:02 | Peon |
| 0:02 | Peon |
| 0:05 | Altar of Storms |
| 0:18 | Orc Burrow |
| 0:23 | Peon |
| 0:23 | Peon |
| 0:36 | Peon |
| 1:05 | Barracks |
| 1:08 | Peon |
| 1:17 | War Mill |
| 1:21 | War Mill |
| 1:23 | War Mill |
| 1:25 | Peon |
| 1:25 | Peon |
| 1:41 | Orc Burrow |
| 2:00 | Voodoo Lounge |
| 2:08 | Shockwave |
| 2:34 | Troll Headhunter |
| 2:34 | Troll Headhunter |
| 3:11 | Troll Headhunter |
| 3:38 | Troll Headhunter |
| 3:47 | Stronghold |
| 3:56 | Troll Headhunter |
| 4:10 | Troll Headhunter |
| 4:23 | Lesser Clarity Potion |
| 4:47 | Healing Salve |
| 5:10 | Troll Headhunter |
| 5:16 | Steel Ranged Weapons |
| 5:20 | Orc Burrow |
| 5:35 | Altar of Storms |
| 6:02 | Endurance Aura |
| 6:29 | Troll Headhunter |
| 6:32 | Spirit Lodge |
| 6:34 | Peon |
| 6:51 | Fortress |
| 7:12 | Steel Armor |
| 7:39 | Shockwave |
| 7:41 | Troll Headhunter |
| 7:43 | Orc Burrow |
| 7:44 | Orc Burrow |
| 7:48 | Shaman Adept Training |
| 7:59 | Troll Headhunter |
| 8:34 | Thorium Ranged Weapons |
| 9:17 | Endurance Aura |
| 9:36 | Berserker Upgrade |
| 9:38 | Shaman Master Training |
| 9:50 | Troll Headhunter |
| 10:28 | Shaman |
| 10:33 | Healing Salve |
| 10:33 | Lesser Clarity Potion |
| 10:54 | Troll Berserker |
| 10:55 | Shaman |
| 11:04 | Orc Burrow |
| 11:45 | Thorium Armor |
| 11:59 | Shaman |
| 11:59 | Shaman |
| 12:01 | Troll Berserker |
| 12:01 | Troll Berserker |
| 12:10 | Shockwave |
| 12:20 | Watch Tower |
| 12:48 | Troll Berserker |
| 12:52 | Orc Burrow |
| 12:55 | Orc Burrow |
| 13:52 | Watch Tower |
| 14:02 | Shaman |
| 14:02 | Shaman |
| 14:03 | Troll Berserker |
| 14:03 | Troll Berserker |
| 14:48 | Potion of Healing |
| 14:49 | Healing Salve |
| 15:07 | Lesser Clarity Potion |
| 15:15 | Orc Burrow |
| 15:20 | Orc Burrow |
| 15:28 | Orc Burrow |
| 15:37 | Troll Regeneration |
| 15:52 | Scroll of Town Portal |
| 16:25 | Great Hall |
| 16:32 | Troll Berserker |
| 16:32 | Troll Berserker |
| 16:41 | Reinforced Defenses |
| 17:20 | Troll Berserker |
| 18:03 | Arcanite Ranged Weapons |
| 18:10 | Troll Berserker |
| 18:35 | Troll Berserker |
| 19:27 | Peon |
| 19:27 | Peon |
| 19:27 | Peon |
| 19:27 | Peon |
| 19:50 | Beastiary |
| 19:55 | Orb of Lightning |
| 20:28 | Troll Berserker |
| 20:28 | Troll Berserker |
| 20:29 | Demolisher |
| 20:29 | Demolisher |
| 20:46 | Reincarnation |
| 21:41 | Scroll of Healing |
| 21:42 | Potion of Lesser Invulnerability |
| 21:50 | Scroll of Town Portal |
| 21:58 | Troll Berserker |
| 21:58 | Troll Berserker |
| 21:59 | Troll Batrider |
| 21:59 | Troll Batrider |
| 22:09 | Lesser Clarity Potion |
| 22:10 | Healing Salve |
| 22:12 | Endurance Aura |
| 22:33 | Troll Berserker |
| 22:35 | Shaman |
| 22:40 | Troll Berserker |
| 22:42 | Shaman |
| 22:58 | Troll Batrider |
| 23:14 | Troll Berserker |
| 23:26 | Troll Berserker |
| 23:27 | Troll Batrider |
| 23:44 | Troll Berserker |
| 23:50 | Shaman |
| 24:08 | Troll Berserker |
| 24:47 | Troll Batrider |
| 25:39 | Great Hall |
| 25:42 | Great Hall |
| 26:18 | Great Hall |
| 28:12 | War Stomp |
| 28:16 | War Stomp |
| Select group | 1553 |
| Right click | 1526 |
| Select | 905 |
| Misc. action | 310 |
| Build/train/purchase | 136 |
| Use ability | 59 |
| Assign group | 51 |
| Minimap ping | 23 |
| Chat | 15 |
| Item give/drop | 10 |
| Resource trade | 5 |
| Esc | 4 |
| Remove unit | 1 |


| Scroll of Town Portal | 1 | 350 |
| Scroll of Healing | 1 | 250 |
| Potion of Lesser Invulnerability | 1 | 150 |
| Scroll of Protection | 1 | 150 |
| total: | 4 | 900g |
| Wisp | 19 | 1140 | / | 0 |
| Archer | 2 | 260 | / | 20 |
| Huntress | 3 | 585 | / | 60 |
| Dryad | 3 | 435 | / | 180 |
| Druid of the Claw | 18 | 4590 | / | 1440 |
| Forest Troll Shadow Priest | 1 | 195 | / | 10 |
| total: | 46 | 7205g | / | 1710w |
| Ancient Protector | 5 | 675 | / | 400 |
| Altar of Elders | 1 | 180 | / | 50 |
| Moon Well | 6 | 1080 | / | 240 |
| Ancient of War | 1 | 150 | / | 60 |
| Hunter's Hall | 1 | 210 | / | 100 |
| Tree of Life | 1 | 340 | / | 185 |
| Ancient of Lore | 2 | 310 | / | 290 |
| Tree of Ages | 1 | 320 | / | 180 |
| Tree of Eternity | 1 | 330 | / | 200 |
| total: | 17 | 2945g | / | 1325w |
| 0:02 | Wisp |
| 0:02 | Wisp |
| 0:09 | Altar of Elders |
| 0:20 | Moon Well |
| 0:34 | Ancient of War |
| 0:36 | Wisp |
| 0:44 | Wisp |
| 0:50 | Wisp |
| 1:18 | Wisp |
| 1:32 | Wisp |
| 1:38 | Archer |
| 1:48 | Archer |
| 2:00 | Hunter's Hall |
| 2:16 | Immolation |
| 2:55 | Moon Well |
| 3:12 | Tree of Ages |
| 3:43 | Evasion |
| 3:54 | Moon Well |
| 3:56 | Huntress |
| 4:08 | Huntress |
| 4:50 | Huntress |
| 5:35 | Wisp |
| 5:35 | Wisp |
| 5:41 | Ancient of Lore |
| 5:44 | Ancient of Lore |
| 5:56 | Wisp |
| 6:27 | Wisp |
| 6:30 | Moon Well |
| 6:41 | Cleaving Attack |
| 7:03 | Forest Troll Shadow Priest |
| 7:21 | Dryad |
| 7:28 | Wisp |
| 7:49 | Ancient Protector |
| 7:56 | Dryad |
| 8:42 | Moon Well |
| 9:31 | Dryad |
| 9:44 | Ancient Protector |
| 10:42 | Tree of Eternity |
| 10:57 | Druid of the Claw Adept Training |
| 10:59 | Abolish Magic |
| 11:04 | Moon Well |
| 11:30 | Druid of the Claw |
| 11:32 | Immolation |
| 11:47 | Druid of the Claw |
| 11:56 | Scroll of Town Portal |
| 12:13 | Druid of the Claw |
| 12:53 | Druid of the Claw |
| 13:19 | Druid of the Claw Master Training |
| 13:38 | Druid of the Claw |
| 14:03 | Druid of the Claw |
| 14:34 | Druid of the Claw |
| 15:34 | Druid of the Claw |
| 16:04 | Druid of the Claw |
| 16:37 | Tree of Life |
| 17:18 | Potion of Lesser Invulnerability |
| 17:20 | Scroll of Healing |
| 17:26 | Scroll of Protection |
| 18:16 | Druid of the Claw |
| 18:30 | Reinforced Hides |
| 18:41 | Wisp |
| 18:41 | Wisp |
| 19:15 | Druid of the Claw |
| 19:23 | Wisp |
| 19:44 | Improved Reinforced Hides |
| 20:02 | Wisp |
| 20:08 | Ancient Protector |
| 20:24 | Wisp |
| 20:28 | Wisp |
| 20:48 | Evasion |
| 21:15 | Druid of the Claw |
| 21:48 | Druid of the Claw |
| 21:58 | Druid of the Claw |
| 22:56 | Druid of the Claw |
| 22:58 | Wisp |
| 23:16 | Ancient Protector |
| 23:21 | Druid of the Claw |
| 24:02 | Druid of the Claw |
| 24:32 | Advanced Reinforced Hides |
| 24:53 | Druid of the Claw |
| 26:40 | Strength of the Wild |
| 26:55 | Ancient Protector |
| Right click | 437 |
| Select | 373 |
| Select group | 339 |
| Build/train/purchase | 98 |
| Assign group | 46 |
| Resource trade | 20 |
| Use ability | 19 |
| Minimap ping | 7 |
| Esc | 3 |
| Remove unit | 1 |
80 units @ 13.7k
/ 1.9k
32 buildings @ 5.8k
/ 2.1k


| Rod of Necromancy | 1 | 150 |
| Orb of Corruption | 1 | 375 |
| Scroll of Healing | 5 | 1250 |
| Scroll of Town Portal | 1 | 350 |
| Scroll of Protection | 1 | 150 |
| Boots of Speed | 1 | 250 |
| Potion of Lesser Invulnerability | 1 | 150 |
| total: | 11 | 2675g |
| Acolyte | 6 | 450 | / | 0 |
| Ghoul | 4 | 480 | / | 0 |
| Crypt Fiend | 15 | 3225 | / | 600 |
| Obsidian Statue | 8 | 1600 | / | 280 |
| total: | 33 | 5755g | / | 880w |
| Spirit Tower | 2 | 290 | / | 80 |
| Nerubian Tower | 1 | 100 | / | 20 |
| Crypt | 1 | 200 | / | 50 |
| Altar of Darkness | 1 | 180 | / | 50 |
| Ziggurat | 8 | 1200 | / | 400 |
| Graveyard | 1 | 215 | / | 0 |
| Tomb of Relics | 2 | 260 | / | 60 |
| Necropolis | 1 | 225 | / | 0 |
| Slaughterhouse | 2 | 280 | / | 270 |
| Halls of the Dead | 1 | 320 | / | 210 |
| Black Citadel | 1 | 325 | / | 230 |
| total: | 16 | 2560g | / | 830w |
| 0:02 | Acolyte |
| 0:07 | Crypt |
| 0:11 | Altar of Darkness |
| 0:14 | Acolyte |
| 0:33 | Ziggurat |
| 0:58 | Graveyard |
| 1:11 | Ghoul |
| 1:31 | Ziggurat |
| 1:35 | Ghoul |
| 1:51 | Tomb of Relics |
| 1:54 | Tomb of Relics |
| 2:24 | Death Coil |
| 2:24 | Crypt Fiend |
| 2:39 | Crypt Fiend |
| 3:01 | Crypt Fiend |
| 3:15 | Rod of Necromancy |
| 3:38 | Unholy Aura |
| 3:49 | Crypt Fiend |
| 4:14 | Crypt Fiend |
| 5:05 | Halls of the Dead |
| 5:32 | Ziggurat |
| 6:13 | Spirit Tower |
| 6:15 | Nerubian Tower |
| 6:30 | Crypt Fiend |
| 6:41 | Crypt Fiend |
| 6:42 | Creature Attack |
| 7:07 | Spirit Tower |
| 7:32 | Web |
| 7:38 | Death Coil |
| 7:58 | Ghoul |
| 7:59 | Ziggurat |
| 8:36 | Crypt Fiend |
| 9:01 | Scroll of Protection |
| 9:01 | Boots of Speed |
| 9:35 | Crypt Fiend |
| 9:55 | Frost Nova |
| 9:56 | Crypt Fiend |
| 10:54 | Slaughterhouse |
| 11:00 | Improved Creature Attack |
| 11:49 | Creature Carapace |
| 12:05 | Obsidian Statue |
| 12:07 | Ziggurat |
| 12:13 | Crypt Fiend |
| 13:33 | Obsidian Statue |
| 13:37 | Black Citadel |
| 13:39 | Improved Creature Carapace |
| 13:42 | Crypt Fiend |
| 14:46 | Crypt Fiend |
| 14:58 | Frost Armor |
| 15:02 | Obsidian Statue |
| 15:04 | Crypt Fiend |
| 15:13 | Unholy Aura |
| 15:20 | Ghoul |
| 15:22 | Slaughterhouse |
| 15:57 | Destroyer Form |
| 16:25 | Obsidian Statue |
| 16:39 | Advanced Creature Attack |
| 16:43 | Ziggurat |
| 17:40 | Orb of Corruption |
| 17:40 | Scroll of Healing |
| 17:43 | Scroll of Healing |
| 17:53 | Obsidian Statue |
| 18:08 | Advanced Creature Carapace |
| 18:17 | Acolyte |
| 19:36 | Acolyte |
| 19:42 | Ziggurat |
| 21:02 | Obsidian Statue |
| 22:00 | Obsidian Statue |
| 22:00 | Obsidian Statue |
| 22:02 | Crypt Fiend |
| 22:06 | Death Coil |
| 22:07 | Frost Nova |
| 22:21 | Scroll of Healing |
| 22:42 | Acolyte |
| 22:43 | Acolyte |
| 22:52 | Frost Armor |
| 23:29 | Disease Cloud |
| 24:01 | Necropolis |
| 24:39 | Scroll of Town Portal |
| 24:39 | Potion of Lesser Invulnerability |
| 24:39 | Scroll of Healing |
| 24:39 | Scroll of Healing |
| 26:47 | Ziggurat |
| Right click | 2069 |
| Select group | 829 |
| Select | 690 |
| Build/train/purchase | 95 |
| Use ability | 66 |
| Assign group | 38 |
| Misc. action | 37 |
| Chat | 11 |
| Item give/drop | 6 |
| Minimap ping | 2 |
| Esc | 1 |



| Healing Salve | 2 | 200 |
| Lesser Clarity Potion | 2 | 140 |
| Scroll of Speed | 2 | 100 |
| Orb of Lightning | 1 | 375 |
| Potion of Mana | 1 | 200 |
| Scroll of Healing | 7 | 1750 |
| Potion of Lesser Invulnerability | 4 | 600 |
| Scroll of Protection | 1 | 150 |
| total: | 20 | 3515g |
| Peon | 13 | 975 | / | 0 |
| Grunt | 12 | 2400 | / | 0 |
| Spirit Walker | 9 | 1755 | / | 315 |
| Kodo Beast | 3 | 765 | / | 180 |
| Raider | 8 | 1440 | / | 320 |
| Tauren | 2 | 560 | / | 160 |
| total: | 47 | 7895g | / | 975w |
| Altar of Storms | 1 | 180 | / | 50 |
| Orc Burrow | 7 | 1120 | / | 280 |
| Barracks | 1 | 180 | / | 50 |
| Voodoo Lounge | 1 | 130 | / | 30 |
| War Mill | 1 | 205 | / | 0 |
| Great Hall | 3 | 1155 | / | 555 |
| Tauren Totem | 1 | 135 | / | 155 |
| Beastiary | 1 | 145 | / | 140 |
| Stronghold | 1 | 315 | / | 190 |
| Fortress | 1 | 325 | / | 190 |
| total: | 16 | 3250g | / | 1260w |
| 0:01 | Peon |
| 0:04 | Altar of Storms |
| 0:09 | Peon |
| 0:15 | Orc Burrow |
| 0:21 | Peon |
| 0:37 | Barracks |
| 0:48 | Peon |
| 0:59 | Peon |
| 1:17 | Peon |
| 1:26 | Orc Burrow |
| 1:30 | Peon |
| 1:37 | Grunt |
| 2:01 | Grunt |
| 2:08 | Feral Spirit |
| 2:33 | Stronghold |
| 2:51 | Voodoo Lounge |
| 3:21 | Grunt |
| 3:25 | War Mill |
| 3:41 | Chain Lighting |
| 4:58 | Tauren Totem |
| 5:32 | Orc Burrow |
| 5:39 | Beastiary |
| 5:51 | Berserker Strength |
| 5:53 | Healing Salve |
| 5:53 | Healing Salve |
| 5:54 | Lesser Clarity Potion |
| 5:54 | Scroll of Speed |
| 6:07 | War Stomp |
| 6:29 | Spirit Walker |
| 6:45 | Kodo Beast |
| 7:09 | Orc Burrow |
| 7:42 | Spirit Walker Adept Training |
| 7:42 | Spirit Walker |
| 7:59 | Grunt |
| 8:02 | Raider |
| 8:02 | Ensnare |
| 8:38 | Steel Armor |
| 8:49 | Spirit Walker |
| 8:54 | Potion of Lesser Invulnerability |
| 8:57 | Scroll of Healing |
| 9:13 | Endurance Aura |
| 9:16 | Chain Lighting |
| 9:34 | Grunt |
| 9:34 | Spirit Walker |
| 10:30 | Grunt |
| 10:32 | Raider |
| 10:47 | Great Hall |
| 11:03 | Thorium Armor |
| 11:29 | Spirit Walker |
| 11:53 | Raider |
| 12:30 | Scroll of Healing |
| 12:32 | Scroll of Healing |
| 13:37 | Orc Burrow |
| 13:40 | Great Hall |
| 14:01 | Steel Melee Weapons |
| 14:52 | Grunt |
| 14:53 | Raider |
| 14:53 | Kodo Beast |
| 14:54 | Spirit Walker |
| 15:43 | Spirit Walker |
| 15:48 | Peon |
| 15:48 | Peon |
| 16:10 | Fortress |
| 16:40 | Grunt |
| 17:26 | Raider |
| 17:35 | War Stomp |
| 17:44 | Grunt |
| 17:47 | Peon |
| 18:22 | Kodo Beast |
| 18:26 | Feral Spirit |
| 19:02 | Orb of Lightning |
| 19:21 | Potion of Lesser Invulnerability |
| 19:34 | Scroll of Speed |
| 19:36 | Lesser Clarity Potion |
| 19:37 | Potion of Mana |
| 19:40 | Healing Wave |
| 19:51 | Orc Burrow |
| 20:57 | Endurance Aura |
| 21:19 | Grunt |
| 21:21 | Raider |
| 21:22 | Spirit Walker Master Training |
| 21:30 | Chain Lighting |
| 22:07 | Serpent Ward |
| 22:12 | Grunt |
| 22:13 | Raider |
| 22:14 | Spirit Walker |
| 22:16 | Arcanite Armor |
| 22:41 | Raider |
| 22:41 | Spirit Walker |
| 23:09 | Grunt |
| 23:22 | Peon |
| 23:24 | Peon |
| 23:25 | Peon |
| 24:14 | War Drums Damage Increase |
| 24:23 | Potion of Lesser Invulnerability |
| 24:24 | Scroll of Healing |
| 24:29 | Scroll of Healing |
| 24:46 | Tauren |
| 24:57 | Scroll of Healing |
| 24:57 | Scroll of Healing |
| 24:59 | Potion of Lesser Invulnerability |
| 26:16 | Pulverize |
| 26:16 | Tauren |
| 26:20 | Orc Burrow |
| 26:41 | Scroll of Protection |
| 27:07 | Healing Wave |
| 27:31 | Great Hall |
| 28:12 | War Stomp |
| Right click | 1841 |
| Select group | 1173 |
| Select | 649 |
| Build/train/purchase | 144 |
| Misc. action | 95 |
| Use ability | 71 |
| Assign group | 44 |
| Chat | 11 |
| Minimap ping | 7 |
| Remove unit | 2 |
| Esc | 1 |
⇛